 Dungeon Crawl Stone Soup version 0.31.0-11-ge490571c62 (webtiles) character file.

Game seed: 16966093897685875086

3234 MollyMolluskus the Grappler (level 9, -5/66 HPs)
             Began as an Octopode Fighter on Jan 30, 2024.
             Was an Initiate of Wu Jian.
             Killed by vampiric draining
             ... invoked by a vampire
              (12 damage)
             ... on level 8 of the Dungeon.
             The game lasted 00:22:27 (8171 turns).

MollyMolluskus the Grappler (Octopode Fighter)      Turns: 8171, Time: 00:22:27

Health: -5/66      AC:  1    Str: 19    XL:     9   Next: 98%
Magic:  9/9        EV: 14    Int: 10    God:    Wu Jian [......]
Gold:   451        SH:  6    Dex: 12    Spells: 8/8 levels left

rFire   . .          .
                       - Unarmed
rCold   . . .        a - +1 buckler
rNeg    . . .        (helmet restricted)
rPois   .            (no amulet)
rElec   .            h - ring of resist corrosion
rCorr   +            (no ring)
SInv    .            (no ring)
Will    .....        (no ring)
Stlth   +++          (no ring)
HPRegen 0.31/turn    (no ring)
MPRegen 0.11/turn    (no ring)
                     (no ring)

%: no passive effects
@: mighty, invisible (expiring)
A: almost no armour, amphibious, 8 rings, camouflage 1, gelatinous body 1,
(nimble swimmer 1), tentacles
a: Renounce Religion


You were on level 8 of the Dungeon.
You worshipped Wu Jian.
Wu Jian was noncommittal.
You visited 2 branches of the dungeon, and saw 9 of its levels.

You collected 451 gold pieces.

Inventory:

Hand Weapons
 b - a +4 dagger of electrocution
Missiles
 e - 56 stones (quivered)
 q - 4 poisoned darts
Armour
 a - a +1 buckler (worn)
Jewellery
 h - a ring of resist corrosion (left tentacle)
Talismans
 o - a maw talisman
Wands
 m - a wand of iceblast (2)
Scrolls
 c - a scroll of revelation
Potions
 f - a potion of cancellation
 i - a potion of attraction {unknown}
 j - a potion of mutation {unknown}
 k - 5 potions of curing
 l - a potion of enlightenment {unknown}


   Skills:
 + Level 7.9 Fighting
 - Level 5.0 Dodging
 - Level 4.0 Stealth
 - Level 4.0 Shields
 + Level 8.5 Unarmed Combat
 + Level 5.2 Shapeshifting


You had 8 spell levels left.
You didn't know any spells.
Your spell library contained the following spells:

 Spells                   Type           Power      Damage    Failure   Level
 Sting                    Conj/Alch      0%         1d3       43%         1
 Mercury Vapours          Alch/Air       0%         N/A       56%         2
 Inner Flame              Hex/Fire       0%         N/A       80%         3
 Brom's Barrelling Bould  Conj/Erth      0%         2d3       99%         4
 Olgreb's Toxic Radiance  Alch           0%         N/A       99%         4
 Fireball                 Conj/Fire      0%         3d3       100%        5
 Irradiate                Conj/Alch      0%         3d11      100%        5
 Iskenderun's Battlesphe  Conj           0%         2d6       100%        5
 Conjure Ball Lightning   Conj/Air       0%         3x3d6     100%        6
 Orb of Destruction       Conj           0%         9d5       100%        7
 Ignition                 Fire           0%         3d3       100%        8


Dungeon Overview and Level Annotations

Branches:
Dungeon (8/15)             Temple (1/1) D:7            Lair (0/5) D:8

Altars:
Ashenzari
Cheibriados
Dithmenos
Elyvilon
Fedhas
Gozag
Hepliaklqana
Makhleb
Nemelex Xobeh
Qazlal
Ru
Trog
Uskayaw
Vehumet
Wu Jian
Xom
Yredelemnul
Zin
The Shining One

Shops:
D:5 :

Annotations:
D:7 2 transporters, ggggg's ghost, novice DECj


Innate Abilities, Weirdness & Mutations

You cannot wear most types of armour.
You are amphibious.
You can wear up to eight rings at the same time.
Your skin changes colour to match your surroundings (Stealth+).
Your rubbery body absorbs attacks. (AC +1, EV +1)
((You are camouflaged when in or above water. (Stealth+)))
You have tentacles for arms and can constrict up to eight enemies at once.


Message History

Your squeeze misses the kobold brigand.
The kobold brigand is severely wounded.
The kobold brigand completely misses you.
You block the vampire's attack. The vampire bites you!
The vampire draws strength from your injuries!
You bludgeon the kobold brigand!
You kill the kobold brigand!
The Council accepts your kill.
You flicker for a moment.
You block the vampire's attack. x2
Unknown command.
You tentacle-slap the vampire but do no damage.
You grab the vampire. You constrict the vampire. The vampire hits you!
* * * LOW HITPOINT WARNING * * *
You block the vampire's attack.
Aiming: Iceblast
Press: ? - help, Shift-Dir - straight line The mass of ice explodes!
The iceblast engulfs the vampire but does no damage.
The vampire is lightly damaged.
You constrict the vampire, but do no damage.
You hear two shouts!
The vampire gestures wildly while chanting.
The vampire flickers and vanishes!
Deactivating autopickup; reactivate with Ctrl-A.
Unknown command.
Aiming: Iceblast
Press: ? - help, Shift-Dir - straight line The mass of ice explodes!
The iceblast engulfs something.
You constrict something.
You hear a shout!
You block something's attack. Something bites you!
* * * LOW HITPOINT WARNING * * *
Something draws strength from your injuries!
Unknown command.
Aiming: Iceblast
Press: ? - help, Shift-Dir - straight line The mass of ice explodes!
The iceblast engulfs something!
You constrict something.
You die...

#######################
......{...............#.
..K....@..#...#......W.O
.......)...(.......[....
########################


You could see a kobold brigand (wandering, unable to see you).

Vanquished Creatures
  Grinder (D:3)
  Prince Ribbit (D:8)
  3 ice beasts
  An orc warrior (D:8)
  A sky beast (D:6)
  2 black bears (D:5)
  An ogre (D:7)
  3 centaurs
  3 phantoms
  A kobold brigand (D:8)
  3 bullfrogs
  3 scorpions
  A wight (D:8)
  2 bombardier beetles (D:5)
  2 jellies
  4 hounds
  5 orc priests
  3 orc wizards
  Ijyb (D:4)
  6 iguanas
  4 sleepcaps
  Robin (D:4)
  13 adders
  7 gnolls
  3 white imps
  2 ufetubi (D:5)
  2 dart slugs
  2 ribbon worms
  23 orcs
  5 ball pythons
  5 bats
  9 endoplasms
  2 giant cockroaches
  22 goblins
  9 hobgoblins
  11 jackals
  4 quokkas
  12 kobolds
  10 rats
193 creatures vanquished.

Notes
Turn   | Place    | Note
-------+----------+-------------------------------------------
     0 | D:1      | MollyMolluskus the Octopode Fighter began the quest for the
                  | Orb.
     0 | D:1      | Reached XP level 1. HP: 16/16 MP: 1/1
   217 | D:1      | Reached XP level 2. HP: 19/21 MP: 2/2
   429 | D:1      | Reached skill level 1 in Stealth
   630 | D:1      | Reached XP level 3. HP: 25/26 MP: 3/3
   656 | D:1      | Found a faded altar of an unknown god.
  1603 | D:2      | Noticed a scorpion
  1606 | D:2      | Killed a scorpion
  1607 | D:2      | Reached skill level 3 in Unarmed Combat
  1607 | D:2      | Reached XP level 4. HP: 31/31 MP: 4/4
  1757 | D:2      | Reached XP level 5. HP: 36/36 MP: 5/5
  2834 | D:3      | Noticed Grinder
  2845 | D:3      | Paralysed by Grinder for 3 turns
  2861 | D:3      | Killed Grinder
  2862 | D:3      | Reached skill level 4 in Unarmed Combat
  2862 | D:3      | Reached XP level 6. HP: 22/43 MP: 6/6
  3499 | D:4      | Reached XP level 7. HP: 48/48 MP: 7/7
  3518 | D:4      | Found a hazy altar of Hepliaklqana.
  3637 | D:4      | Noticed Ijyb
  3643 | D:4      | Killed Ijyb
  3712 | D:4      | Noticed Robin
  3715 | D:4      | Killed Robin
  4132 | D:5      | Entered Level 5 of the Dungeon
  4251 | D:5      | Found Vesou's Book Boutique.
  4381 | D:5      | Reached skill level 5 in Unarmed Combat
  4832 | D:5      | Reached XP level 8. HP: 40/54 MP: 8/8
  4926 | D:5      | Found a glowing silver altar of Zin.
  4952 | D:5      | Reached skill level 5 in Fighting
  4952 | D:5      | Reached skill level 6 in Unarmed Combat
  4991 | D:5      | Identified the +1 chain mail "Aczuoxan" {rF- rN+ Int+3
                  | Dex+5}
  5092 | D:5      | Reached skill level 5 in Dodging
  5119 | D:5      | Reached skill level 1 in Shapeshifting
  5659 | D:6      | Reached skill level 7 in Unarmed Combat
  5910 | D:6      | Reached XP level 9. HP: 34/63 MP: 9/9
  6018 | D:6      | Found a shimmering altar of Xom.
  7104 | D:7      | Found a transporter.
  7105 | D:7      | Found a transporter.
  7105 | D:7      | Noticed ggggg's ghost (novice DECj)
  7107 | D:7      | Identified the +11 great mace of Resourcefulness {spect,
                  | Int+4}
  7107 | D:7      | Noticed a two-headed ogre
  7150 | D:7      | Found a staircase to the Ecumenical Temple.
  7157 | Temple   | Entered the Ecumenical Temple
  7172 | Temple   | Became a worshipper of the Wu Jian Council
  7484 | D:7      | Reached skill level 8 in Unarmed Combat
  7691 | D:8      | Found a radiant altar of Vehumet.
  7691 | D:8      | Found a shadowy altar of Dithmenos.
  7730 | D:8      | Noticed Prince Ribbit
  7746 | D:8      | Killed Prince Ribbit
  8034 | D:8      | Reached skill level 5 in Shapeshifting
  8081 | D:8      | Found a staircase to the Lair.
  8149 | D:8      | Noticed a two-headed ogre
  8171 | D:8      | Killed from afar by a vampire

Illustrated notes

Levels and vault maps discovered:
D:1:      shiori_arrival_oz, layout_loops_corners,
          shapermc_ecumenical_altar_notcrosses, serial_bayou_pond_e
D:2:      cheibrodos_greedy_goblins, layout_basic, serial_forest,
          infiniplex_forest_lined_3_way, infiniplex_forest_clump_curved,
          infiniplex_forest_lined_3_way, infiniplex_forest_straight_5,
          infiniplex_forest_lined_room_2, infiniplex_forest_straight_2,
          infiniplex_forest_lined_room_2, infiniplex_forest_clump_double,
          kennysheep_potato
D:3:      layout_basic, uniq_grinder
D:4:      nicolae_cairo_tiling, layout_rooms, general_overflow_altar,
          minmay_misc_feat_room, uniq_robin, uniq_ijyb
D:5:      minmay_razor_zed, layout_basic, overflow_temple_1_default,
          serial_shops, shop
D:6:      layout_rooms, nicolae_overflow_crystal_walls
D:7:      layout_loops_cross, minmay_temple_entry_statues_pillars,
          gammafunk_ghost_smash, dk_rats_in_the_wall
D:8:      regret_index_dithmenos_penumbral_divide, layout_basic,
          chequers_temple_overflow_statue_of_worship, lair_entry_dummy,
          serial_aquarium, aquarium_bridge_straight [aquarium_subvault_bridge,
          aquarium_subvault_wall, aquarium_subvault_bridge,
          aquarium_subvault_balcony], aquarium_bridge_straight
          [aquarium_subvault_bridge, aquarium_subvault_wall,
          aquarium_subvault_bridge, aquarium_subvault_window],
          aquarium_window_corridor_3, aquarium_window_1, aquarium_window_1,
          aquarium_window_1, aquarium_view_2d, aquarium_balcony_1b,
          aquarium_pool_1, st_stairs_6, uniq_prince_ribbit1, uniq_grum
Temple:   eino_narrow_crystal_temple

Skill      XL: |  1  2  3  4  5  6  7  8  9 |
---------------+----------------------------+-----
Stealth        | 1 2 3 4 |  4.0
Unarmed Combat | 3 4 5 7 8 |  8.5
Fighting       | 4 6 7 |  7.9
Dodging        | 4 5 |  5.0
Shields        | 4 |  4.0
Shapeshifting  | 3 5 |  5.2

Action                     |  1- 3 |  4- 6 |  7- 9 || total
---------------------------+-------+-------+-------++-------
  Melee: Unarmed           |    15 |    10 |   162 ||   187
         Constrict         |    18 |    24 |    58 ||   100
         Dagger            |    60 |    91 |   135 ||   286
         Tentacles         |     8 |    17 |    75 ||   100
         Punch             |     2 |     1 |    13 ||    16
  Throw: Dart              |       |       |    11 ||    11
         Stone             |       |       |     1 ||     1
Ability: Lunge             |       |       |    10 ||    10
  Evoke: Wand              |       |       |     8 ||     8
    Use: Scroll            |     5 |     2 |    12 ||    19
         Potion            |       |     1 |     6 ||     7
   Stab: Sleeping          |    11 |    14 |    13 ||    38
         Distracted        |       |       |     2 ||     2
         Invisible         |       |       |     2 ||     2
 Armour: Skin              |    23 |    40 |   139 ||   202
  Dodge: Dodged            |    37 |    40 |   151 ||   228
  Block: Buckler           |    12 |    16 |    69 ||    97
